 Dungeon Crawl Stone Soup version 0.30.0-18-gc0e69614cb (webtiles) character file.

Game seed: 10790392318406500483

31495 meatpath the Destroyer (level 13, -34/80 HPs)
             Began as a Gargoyle Earth Elementalist on May 23, 2023.
             Was an Elder of Sif Muna.
             Annihilated by Rupert
             ... wielding a +5 great mace of protection
              (36 damage)
             ... on level 3 of the Lair of Beasts.
             The game lasted 01:26:08 (19983 turns).

meatpath the Destroyer (GrEE)                      Turns: 19983, Time: 01:26:09

Health: -34/80     AC: 19    Str: 12    XL:     13   Next: 58%
Magic:  5/20       EV: 11    Int: 27    God:    Sif Muna [****..]
Gold:   755        SH: 14    Dex: 14    Spells: 0/22 levels left

rFire   . . .        K - staff of earth
rCold   + + +        v - +4 kite shield of Cidebi {rC++ rN+ Will+ Dex+4}
rNeg    + + +        u - +2 leather armour {rC+}
rPois   ∞            h - +2 helmet
rElec   +            (no cloak)
rCorr   .            i - +0 pair of gloves
SInv    .            O - +0 pair of boots
Will    +....        (no amulet)
Stlth   ++           s - +6 ring of intelligence
HPRegen 0.33/turn    y - ring of positive energy
MPRegen 0.17/turn

%: no passive effects
@: slightly contaminated
A: sickness immunity, AC +9, negative energy resistance 1, electricity
resistance, torment resistance 1, petrification resistance
a: Renounce Religion, Channel Magic, Forget Spell, Divine Exegesis


You were on level 3 of the Lair of Beasts.
You worshipped Sif Muna.
Sif Muna was greatly pleased with you.
You visited 2 branches of the dungeon, and saw 14 of its levels.
You also visited: Ossuary.

You collected 755 gold pieces.

Inventory:

Armour
 h - a +2 helmet (worn)
 i - a +0 pair of gloves (worn)
 u - a +2 leather armour of cold resistance (worn)
 v - the +4 kite shield of Cidebi (worn) {rC++ rN+ Will+ Dex+4}
   (You found it on level 4 of the Dungeon)

   Dex:       It affects your dexterity (+4).
   rC:        It greatly protects you from cold.
   rN:        It protects you from negative energy.
   Will:      It increases your willpower.
 O - a +0 pair of boots (worn)
 W - a +2 troll leather armour {Snorg}
Magical Staves
 c - a staff of conjuration
 K - a staff of earth (weapon)
Jewellery
 k - a ring of positive energy
 q - a ring of see invisible
 s - a +6 ring of intelligence (left hand)
 t - a +5 ring of evasion
 y - a ring of positive energy (right hand)
 B - a ring of protection from cold
 R - the ring "Zuenec" {Slay+3 SInv}
   (You found it on level 9 of the Dungeon)

   [ring of see invisible]

   Slay:      It affects your accuracy & damage with ranged weapons and melee
   (+3).
   SInv:      It lets you see invisible.
 X - a ring of protection from cold
 Y - an amulet of faith
Wands
 a - a wand of iceblast (3)
 x - a wand of paralysis (11)
 F - a wand of digging (13)
 J - a wand of flame (20)
Scrolls
 b - a scroll of brand weapon
 d - 3 scrolls of enchant weapon
 e - 3 scrolls of fog
 f - 4 scrolls of torment
 g - a scroll of teleportation
 j - 6 scrolls of amnesia
 p - 4 scrolls of poison
 z - a scroll of silence
 D - a scroll of noise
 G - 2 scrolls of vulnerability
 M - 2 scrolls of immolation
 Q - a scroll of summoning
Potions
 l - a potion of might
 m - a potion of flight {unknown}
 n - 4 potions of curing {unknown}
 o - a potion of cancellation {unknown}
 r - a potion of invisibility {unknown}
 w - a potion of mutation {unknown}
 A - 3 potions of lignification {unknown}
 C - 2 potions of attraction {unknown}
 E - a potion of berserk rage {unknown}
 I - a potion of ambrosia {unknown}
 L - a potion of haste {unknown}
 N - 4 potions of heal wounds {unknown}
 P - a potion of resistance {unknown}
 V - 3 potions of brilliance {unknown}
Miscellaneous
 T - a box of beasts
 Z - a condenser vane


   Skills:
 - Level 9.1 Fighting
 - Level 5.3 Dodging
 - Level 2.1 Stealth
 - Level 6.1 Shields
 - Level 5.0 Spellcasting
 - Level 11.5 Conjurations
 - Level 3.4 Translocations
 + Level 10.4 Transmutations
 + Level 1.9 Air Magic
 - Level 10.4 Earth Magic
 + Level 4.0 Invocations


You couldn't memorise any spells.
You knew the following spells:

 Your Spells              Type           Power      Damage    Failure   Level
a - Sandblast             Erth           100%       2d20      1%          1
b - Stone Arrow           Conj/Erth      100%       3d13      1%          3
c - Petrify               Tmut/Erth      76%        N/A       4%          4
d - Blink                 Tloc           50%        N/A       11%         2
e - Irradiate             Conj/Tmut      30%        3d21      9%          5
f - Storm Form            Tmut/Air       20%        N/A       100%        7

Your spell library contained the following spells:

 Spells                   Type           Power      Damage    Failure   Level
 Beastly Appendage        Tmut           100%       N/A       1%          1
 Passwall                 Tmut/Erth      63%        N/A       1%          2
 Wereblood                Tmut           59%        N/A       1%          2
 Foxfire                  Conj/Fire      100%       2x1d9     2%          1
 Kiss of Death            Conj/Necr      100%       2d13      2%          1
 Apportation              Tloc           50%        N/A       8%          1
 Dazzling Flash           Conj/Hex       74%        N/A       9%          3
 Hailstorm                Conj/Ice       37%        3d9       9%          3
 Spider Form              Tmut/Pois      35%        N/A       11%         3
 Ignite Poison            Fire/Tmut/Pois 25%        N/A       22%         3
 Fulminant Prism          Conj/Hex       18%        3d11      28%         4
 Necrotise                Necr           24%        1d5       30%         1
 Summon Small Mammal      Summ           24%        N/A       30%         1
 Volatile Blastmotes      Fire/Tloc      32%        2d12      41%         3
 Manifold Assault         Tloc           25%        N/A       58%         4
 Passage of Golubria      Tloc           25%        N/A       58%         4
 Alistair's Intoxication  Tmut/Pois      23%        N/A       67%         5
 Freezing Cloud           Conj/Ice/Air   15%        6-21      80%         5
 Silence                  Hex/Air        5%         N/A       99%         5
 Agony                    Necr           6%         N/A       100%        5
 Plasma Beam              Fire/Air       5%         2x1d17    100%        6
 Summon Hydra             Summ           3%         N/A       100%        7
 Cigotuvi's Dreadful Rot  Necr/Pois/Air  Unusable   N/A       N/A         2
 Sublimation of Blood     Necr           Unusable   N/A       N/A         2

Dungeon Overview and Level Annotations

Branches:
Dungeon (11/15)            Temple (0/1) D:6            Lair (3/5) D:10
 Shoals (0/4) Lair:3        Snake (0/4) Lair:3          Orc (0/2) D:9
Ossuary (visited)

Altars:
Ashenzari
Fedhas
Hepliaklqana
Sif Muna
Trog
Uskayaw
Wu Jian
Xom
Yredelemnul
Zin

Shops:
D:2 *   D:7 *

Annotations:
D:11 1 exclusion
Lair:2 exclusion: 2 oklob plants
Lair:3 Rupert


Innate Abilities, Weirdness & Mutations

You are immune to sickness and miasma.
Your stone body is resilient. (AC +9)
You are immune to poison.
You resist negative energy. (rN+)
You are resistant to electric shocks. (rElec)
You are resistant to unholy torment.
You are immune to petrification.


Message History

Rupert is blasted with magical radiation!
Rupert is moderately wounded.
Rupert hits you with a +5 great mace of protection!!
Rupert hits you but does no damage.
Casting: Irradiate (dangerous; 9% risk of failure)
Confirm with . or Enter, or press ? or * to list all spells.
You erupt in a fountain of uncontrolled magic!
Rupert is blasted with magical radiation!
Rupert is heavily wounded.
You are lightly contaminated with residual magic.
Rupert roars wildly at you.
You easily resist.
Rupert hits you with a +5 great mace of protection.
Rupert roars madly and goes into a rage!
Rupert goes berserk!
You hear a trumpeting!
Rupert attacks as you move away! You block Rupert's attack.
Rupert hits you with a +5 great mace of protection!!
* * * LOW HITPOINT WARNING * * *
Rupert rages.
Okay, then.
Okay, then.
Casting: Irradiate (dangerous; 9% risk of failure)
Confirm with . or Enter, or press ? or * to list all spells.
Okay, then.
Casting: Irradiate (dangerous; 9% risk of failure)
Confirm with . or Enter, or press ? or * to list all spells.
You blink.
Rupert rages.
You hear a trumpeting!
Rupert attacks as you move away! You block Rupert's attack.
An elephant comes into view.
You feel stable enough to blink again.
The elephant trumpets!
Rupert hits you with a +5 great mace of protection.
* * * LOW HITPOINT WARNING * * *
The air fills with toxic fumes!
As you read the scroll of poison, it crumbles to dust.
Rupert hits you with a +5 great mace of protection!!!
You die...

.....#########.#.#.##....##
..........................#
..........................#
†.........................#
...........Y.............##
###.###....##.#.##.##....#
#######....########§#.>§.#
#.P#.##..§§§###§P#§#§§§§.#
.........§Y§§§§§@@§§§§§§..#
.........§§§§§§§§§§§§§§§.##
.........§§§§§§§§§§§§§§§.#
.........§§§§§§§§§§§§§§§.#
##.#####.#§§§######§#§##.#
### .###§# ##### ## ## ###


You could see Rupert (berserk) and an elephant.

Vanquished Creatures
  Gastronok (Lair:3)
  Snorg (D:10)
  Fannar (D:10)
  A catoblepas (Lair:1)
  A boulder beetle (D:11)
  3 death yaks (Lair:1)
  An oklob plant (Lair:2)
  Maurice (D:8)
  18 elephants
  A black mamba (D:10)
  A torpor snail (Lair:2)
  A gargoyle (D:10)
  5 cane toads
  2 komodo dragons
  A rime drake (Lair:1)
  2 trolls
  6 polar bears (Lair:2)
  A hornet (D:9)
  9 blink frogs
  4 dream sheep (Lair:2)
  Sigmund (D:4)
  3 wyverns
  19 yaks
  2 wraiths
  Eustachio (D:5)
  A steam dragon (D:10)
  4 basilisks
  3 nagas (Lair:3)
  10 water moccasins
  An ice beast (D:5)
  7 orc warriors
  A sky beast (D:5)
  A black bear (D:5)
  2 ogres
  15 wolves
  2 centaurs
  3 kobold brigands
  9 bullfrogs
  A scorpion (D:5)
  A gnoll sergeant (D:8)
  16 wights
  8 killer bees
  2 electric eels (D:10)
  4 howler monkeys
  10 hounds
  2 jellies
  10 orc priests
  4 iguanas
  16 orc wizards
  7 hell rats (Lair:2)
  A mummy (Ossuary)
  4 gnolls (D:8)
  10 adders
  3 shadow imps
  3 white imps
  2 ufetubi
  A worm (D:3)
  2 dart slugs
  70 orcs
  7 endoplasms
  4 giant cockroaches (D:1)
  9 goblins
  3 hobgoblins
  10 jackals
  18 kobolds
  6 quokkas
  8 ball pythons
  6 bats
  8 frilled lizards
  2 gnoll skeletons (Ossuary)
  A goblin zombie (D:8)
  8 kobold skeletons (Ossuary)
  15 orc skeletons (Ossuary)
  A quokka zombie (D:8)
  2 rats
431 creatures vanquished.

Vanquished Creatures (others)
  2 orcs (D:10)
2 creatures vanquished.

Grand Total: 433 creatures vanquished

Notes
Turn   | Place    | Note
-------+----------+-------------------------------------------
     0 | D:1      | meatpath the Gargoyle Earth Elementalist began the quest
                  | for the Orb.
     0 | D:1      | Reached XP level 1. HP: 10/10 MP: 3/3
   164 | D:1      | Reached XP level 2. HP: 15/15 MP: 0/5
   402 | D:1      | Found a faded altar of an unknown god.
   520 | D:1      | Reached XP level 3. HP: 19/19 MP: 2/6
  1074 | D:2      | Learned a level 3 spell: Stone Arrow
  1186 | D:2      | Found Minwam's General Store.
  1311 | D:2      | Reached XP level 4. HP: 24/24 MP: 4/8
  1358 | D:2      | Identified the +4 short sword of Ash {flame, rPois Dex+3
                  | Stlth+}
  1658 | D:3      | Learned a level 4 spell: Petrify
  1744 | D:3      | Found an ornate altar of the Wu Jian Council.
  1752 | D:3      | Reached skill level 5 in Earth Magic
  1797 | D:3      | Found a shimmering altar of Xom.
  1797 | D:3      | Found a broken altar of Ashenzari.
  1799 | D:3      | Found a basalt altar of Yredelemnul.
  1854 | D:3      | Found a blossoming altar of Fedhas.
  1933 | D:3      | Reached skill level 1 in Conjurations
  2551 | D:4      | Found a shimmering blue altar of Sif Muna.
  2555 | D:4      | Became a worshipper of Sif Muna the Loreminder
  2560 | D:4      | Reached skill level 2 in Conjurations
  2560 | D:4      | Reached XP level 5. HP: 21/28 MP: 7/9
  2716 | D:4      | Identified the +4 kite shield of Cidebi {rC++ rN+ Will+
                  | Dex+4}
  2955 | D:4      | Reached skill level 3 in Conjurations
  2961 | D:4      | Reached XP level 6. HP: 19/32 MP: 5/10
  3127 | D:4      | Noticed Sigmund
  3231 | D:3      | Reached * piety under Sif Muna
  3289 | D:4      | Found the +3 greatsling "Punk" {acid, rCorr}
  3350 | D:4      | Killed Sigmund
  3351 | D:4      | Reached skill level 4 in Conjurations
  3351 | D:4      | Reached XP level 7. HP: 36/36 MP: 8/11
  3817 | D:5      | Entered Level 5 of the Dungeon
  4054 | D:5      | Reached skill level 5 in Conjurations
  4129 | D:5      | Noticed Eustachio
  4142 | D:5      | Killed Eustachio
  4143 | D:5      | Reached XP level 8. HP: 41/41 MP: 6/12
  4232 | D:5      | Learned a level 2 spell: Blink
  4491 | D:5      | Found a glowing silver altar of Zin.
  4525 | D:5      | Reached ** piety under Sif Muna
  4526 | D:5      | Reached skill level 6 in Conjurations
  4575 | D:5      | Reached skill level 5 in Shields
  4682 | D:5      | Reached skill level 7 in Conjurations
  4974 | D:6      | Reached skill level 1 in Fighting
  5010 | D:6      | Found a staircase to the Ecumenical Temple.
  5284 | D:6      | Reached XP level 9. HP: 44/49 MP: 6/13
  5847 | D:6      | Reached skill level 8 in Conjurations
  5863 | D:6      | Reached *** piety under Sif Muna
  5864 | D:6      | Reached skill level 1 in Transmutations
  5943 | D:6      | Found a bloodstained altar of Trog.
  6546 | D:7      | Found Egyjap's Mass Market.
  6685 | D:7      | Reached skill level 5 in Fighting
  7161 | D:8      | Reached XP level 10. HP: 60/60 MP: 2/14
  7496 | D:8      | Found a sand-covered staircase.
  7504 | Ossuary  | Entered an ossuary
  7521 | Ossuary  | Reached **** piety under Sif Muna
  7998 | D:8      | Reached skill level 5 in Transmutations
  8426 | D:8      | Noticed Maurice
  8670 | D:8      | Killed Maurice
  9024 | D:8      | Reached ***** piety under Sif Muna
  9143 | D:8      | Received a gift from Sif Muna
  9146 | D:8      | Got Cacaru's Parchment of Composition and the Blink Frog
                  | {god gift}
  9715 | D:9      | Found a staircase to the Orcish Mines.
  9982 | D:8      | Reached skill level 10 in Earth Magic
 10108 | D:9      | Identified the ring "Zuenec" {Slay+3 SInv}
 10208 | D:9      | Found a hazy altar of Hepliaklqana.
 10656 | D:8      | Reached XP level 11. HP: 49/64 MP: 1/16
 10991 | D:9      | Identified a scroll of acquirement
 10992 | D:9      | Acquired a staff of earth
 11024 | D:10     | Entered Level 10 of the Dungeon
 11431 | D:10     | Reached skill level 5 in Spellcasting
 11643 | D:10     | Found a staircase to the Lair.
 12085 | D:10     | Noticed a +0 dagger
 12085 | D:10     | Noticed a +0 hand axe
 12233 | D:10     | Found a hide-covered altar of Uskayaw.
 12280 | D:10     | Noticed Fannar
 12292 | D:10     | Killed Fannar
 12293 | D:10     | Reached skill level 1 in Translocations
 12409 | D:10     | Noticed Snorg
 12417 | D:10     | Killed Snorg
 12774 | D:11     | Identified the +1 flail "Cutogiwi" {drain, rF+ Str-5 Dex+2}
 12851 | D:11     | Noticed a boulder beetle
 12928 | D:11     | Killed a boulder beetle
 13125 | D:11     | Noticed a vault guard
 13536 | D:11     | Learned a level 5 spell: Irradiate
 13594 | Lair:1   | Entered Level 1 of the Lair of Beasts
 13602 | D:10     | Received a gift from Sif Muna
 13603 | D:10     | Got Sif Muna's Omnibus of Kinetic Fire {god gift}
 13902 | Lair:1   | Reached XP level 12. HP: 48/70 MP: 5/19
 14000 | Lair:1   | Noticed a catoblepas
 14019 | Lair:1   | Reached skill level 5 in Dodging
 14174 | Lair:1   | Killed a catoblepas
 14175 | Lair:1   | Reached skill level 9 in Conjurations
 15432 | Lair:1   | Identified the +2 leather armour of the Past {Harm Regen+
                  | MP+9 Int+3}
 15901 | Lair:2   | Noticed a death yak
 15901 | Lair:2   | Noticed a death yak
 15901 | Lair:2   | Noticed a death yak
 15901 | Lair:2   | Noticed a death yak
 16069 | Lair:1   | Reached skill level 10 in Conjurations
 17318 | Lair:1   | Killed a death yak
 17319 | Lair:1   | Reached XP level 13. HP: 60/79 MP: 8/20
 17492 | Lair:1   | Reached skill level 11 in Conjurations
 17856 | Lair:2   | Reached skill level 10 in Transmutations
 18320 | Lair:2   | Reached skill level 1 in Invocations
 18573 | Lair:3   | Learned a level 7 spell: Storm Form
 18589 | Lair:3   | Found a staircase to the Snake Pit.
 19253 | Lair:3   | Found a staircase to the Shoals.
 19427 | Lair:3   | Reached skill level 1 in Air Magic
 19720 | Lair:3   | Noticed Gastronok
 19733 | Lair:3   | Killed Gastronok
 19953 | Lair:3   | Noticed Rupert
 19978 | Lair:3   | HP: 3/80 [Rupert/+5 great mace of protection (32)]
 19982 | Lair:3   | HP: 1/80 [Rupert/+5 great mace of protection (3)]
 19983 | Lair:3   | Annihilated by Rupert

Illustrated notes

Levels and vault maps discovered:
D:1:      dpeg_arrival_rooms_with_view, layout_rooms,
          shapermc_ecumenical_altar_notcrosses
D:2:      layout_rooms, serial_shops, nicolae_shop_statue_plus
D:3:      layout_basic, mainiacjoe_overflow_alcove_2,
          nicolae_overflow_quartered_altars
D:4:      layout_basic, led_sif_book, kennysheep_generic_room_2, uniq_sigmund
D:5:      minmay_chambers_of_threes, layout_rooms, mainiacjoe_overflow_alcove_1,
          kennysheep_cluttered_room, st_stairs_2, uniq_eustachio
D:6:      layout_cave_pods, kennysheep_mini, minmay_temple_entry_grid
D:7:      layout_rooms, grunt_decor_junction, minmay_shop_mass
D:8:      layout_basic, enter_bailey_5, special_room [special_room_orc],
          enter_ossuary_4, minmay_joined_circles, uniq_maurice
D:9:      layout_long_grid, lemuel_round_altar, orc_0_dummy
D:10:     layout_gridville, dancing_weapons_uskayaw, erik_lair_island,
          serial_rivers, chequers_serial_rivers_micro_c,
          chequers_serial_rivers_micro_b, chequers_serial_rivers_small_3,
          chequers_serial_rivers_micro_b, chequers_serial_rivers_micro_c,
          chequers_serial_rivers_micro_b, uniq_fannar, uniq_snorg
D:11:     layout_long_grid, gauntlet_entry_generic, enter_trove_5
Lair:1:   layout_small_grid
Lair:2:   dpeg_oklob_gauntlet, layout_loops_ring, serial_forest,
          infiniplex_forest_side_room, infiniplex_forest_lined_2,
          infiniplex_forest_clump_large, infiniplex_forest_lined_3,
          infiniplex_forest_clump_long, cheibrodos_lair_lostbears
Lair:3:   nzn_motion_control, layout_long_grid, shoals_dummy_entry,
          minmay_snake_entry_guardpost_small, minivault_19,
          nicolae_lair_lil_pond, uniq_rupert, uniq_gastronok

Skill      XL: |  1  2  3  4  5  6  7  8  9 10 11 12 13 |
---------------+----------------------------------------+-----
Earth Magic    | 4 5 6 7 10 | 10.4
Spellcasting   | 3 5 |  5.0
Conjurations   | 2 3 4 5 7 8 10 11 | 11.5
Shields        | 2 4 6 |  6.1
Fighting       | 2 6 8 9 |  9.1
Transmutations | 4 6 8 9 10 | 10.4
Dodging        | 4 5 |  5.3
Translocations | 3 |  3.4
Invocations    | 4 |  4.0
Air Magic      | 1 |  1.9
Stealth        | |  2.1

Action                     |  1- 3 |  4- 6 |  7- 9 | 10-12 | 13-15 || total
---------------------------+-------+-------+-------+-------+-------++-------
  Melee: Short sword       |    12 |       |     9 |     7 |       ||    28
         Staff             |       |       |       |    27 |     5 ||    32
   Cast: Sandblast         |    56 |    70 |   134 |   294 |    45 ||   599
         Stone Arrow       |       |       |    25 |   197 |    51 ||   273
         Petrify           |       |       |       |     6 |       ||     6
         Irradiate         |       |       |       |     2 |    13 ||    15
         Blink             |       |       |       |       |     2 ||     2
    Use: Scroll            |     4 |     3 |     3 |    20 |     5 ||    35
         Potion            |       |       |       |     3 |     1 ||     4
   Stab: Petrified         |       |       |       |     2 |       ||     2
 Armour: Robe              |    17 |     7 |       |       |       ||    24
         Leather armour    |       |     7 |    36 |   144 |    61 ||   248
  Dodge: Dodged            |    21 |    15 |    25 |   155 |    57 ||   273
  Block: Kite shield       |       |     3 |    64 |   274 |   105 ||   446
